Map: Ley Lines

Players

Moja - Winner!

  • Race: Terran Terran
  • League: Grandmaster
  • Spawn Location: 1:00

Kelazhur

  • Race: Terran Terran
  • League: Master
  • Spawn Location: 7:00

Event: HomeStory Cup XXVI

VOD

Have the link to the VOD?

Description

Time

  • Played on: Nov. 29, 2024, 1:54 p.m.
  • Length: 14:18

All games in this series

Show
View Real Time Build Order
Export as new Build Order

Moja Terran - Winner!

Build Orders: Cyclone Opening 

Get SALT Encoding   

  12  0:00  SCV  
  13  0:12  SCV  
  14  0:17  Supply Depot  
  14  0:24  SCV  
  15  0:38  SCV  
  15  0:39  Barracks  
  16  0:43  Refinery  
  16  0:50  SCV  
  16  0:52  Refinery  
  17  1:02  SCV  
  18  1:14  SCV  
  19  1:25  Reaper  
  19  1:26  Orbital Command  
  19  1:30  Supply Depot  
  20  1:39  Factory  
  20  1:52  SCV  
  21  1:58  Reaper  
  22  2:04  SCV  
  23  2:14  Command Center  
  23  2:16  SCV  
  24  2:23  Hellion  
  24  2:28  SCV  
  27  2:30  Barracks Tech Lab  
  27  2:35  Supply Depot  
  27  2:40  SCV  
  28  2:51  Cyclone  
  28  2:54  Barracks Reactor  
  28  2:57  SCV  
  32  3:00  Starport  
  32  3:09  SCV  
  33  3:15  Refinery  
  33  3:21  SCV  
  33  3:23  Siege Tank  
  33  3:26  Orbital Command  
  37  3:32  Marine x2  
  39  3:34  SCV  
  40  3:41  Starport Tech Lab  
  40  3:46  SCV  
  41  3:49  Marine  
  41  3:50  Marine  
  41  3:51  SCV  
  41  3:54  Supply Depot  
  44  3:58  SCV  
  45  4:03  Raven  
  45  4:04  Interference Matrix  
  45  4:05  SCV  
  48  4:10  SCV  
  48  4:12  Siege Tank  
  48  4:16  Supply Depot  
  52  4:17  SCV  
  52  4:20  Marine  
  52  4:21  Marine  
  52  4:22  SCV  
  56  4:30  SCV  
  57  4:35  SCV  
  58  4:40  Raven  
  58  4:42  Command Center  
  58  4:44  SCV  
  61  4:50  SCV  
  62  4:56  SCV  
  62  4:57  Supply Depot  
  63  5:01  Stimpack  
  63  5:02  SCV, Factory Reactor  
  63  5:08  SCV, Barracks  
  63  5:12  Barracks  
  66  5:14  Raven, SCV  
  66  5:20  Supply Depot, SCV  
  68  5:24  Refinery  
  68  5:26  SCV  
  69  5:29  Engineering Bay  
  69  5:30  Engineering Bay  
  69  5:32  SCV  
  70  5:38  SCV  
  70  5:39  Marine  
  72  5:44  SCV  
  73  5:52  SCV  
  73  5:53  Siege Tank  
  73  5:54  Orbital Command  
  73  5:56  Terran Infantry Weapons Level 1, Terran Infantry Armor Level 1  
  77  5:57  SCV, Starport Reactor  
  77  6:00  Marine  
  77  6:01  Marine x2  
  81  6:06  SCV, Marine x2  
  81  6:10  Supply Depot  
  84  6:11  SCV  
  84  6:13  Supply Depot  
  85  6:18  Marine x2  
  85  6:19  Marine  
  85  6:21  Orbital Command, SCV  
  85  6:24  SCV  
  89  6:33  SCV  
  89  6:34  Medivac x2  
  89  6:37  SCV  
  89  6:38  Marine x2  
  90  6:45  SCV  
  89  6:48  Missile Turret  
  88  6:56  SCV  
  88  6:57  Marine  
  88  6:58  Marine x3  
  88  6:59  Siege Tank  
  95  7:02  Missile Turret  
  95  7:07  Marine  
  95  7:08  Combat Shield  
  94  7:14  SCV x2  
  96  7:15  Marine  
  96  7:18  Medivac x2  
  101  7:26  Marine x3  
  101  7:27  Marine  
  101  7:28  SCV x2  
  107  7:33  Marine, Armory  
  108  7:41  SCV  
  109  7:44  Marine x2  
  109  7:45  Marine x2, Barracks  
  109  7:46  Siege Tank, Barracks  
  109  7:50  SCV  
  117  8:05  Marine x2  
  117  8:07  Marine  
  117  8:09  Marine  
  117  8:26  Marine  
  117  8:35  Marine  
  107  8:49  Marine x2  
  107  8:54  Supply Depot  
  107  8:55  Supply Depot x2  
  106  9:17  Liberator  
  109  9:33  Marine x2  
  109  9:34  Liberator, Marine  
  115  9:50  Marine x2  
  100  10:07  Marine x3  
  100  10:08  Siege Tank, Liberator  
  109  10:21  Orbital Command  
  109  10:22  Orbital Command  
  109  10:25  Marine x2  
  111  10:33  Marine  
  111  10:34  Marine  
  113  10:50  Marine x3  
  113  10:51  Marine  
  113  10:55  Marine x2  
  113  10:56  Engineering Bay  
  117  11:17  Siege Tank  
  112  11:25  Marine x3  
  108  11:40  Marine x2  
  108  11:43  Marine x2  
  108  11:44  Marine x3  
  104  11:48  Medivac x2  
  104  11:50  Siege Tank  
  111  11:56  Terran Infantry Weapons Level 2  
  111  11:57  Marine, Terran Vehicle Weapons Level 1  
  111  11:58  Marine  
  102  12:01  Marine x2  
  102  12:02  Marine x3  
  103  12:15  Marine x2  
  103  12:19  Marine x2  
  103  12:20  Marine x3  
  109  12:33  Marine x2  
  109  12:37  Marine x3  
  111  12:38  Marine  
  111  12:42  Marine  
  116  12:51  Marine x2  
  106  12:54  Marine  
  106  12:55  Marine x3  
  112  13:00  Marine  
  109  13:06  Siege Tank  
  109  13:09  Marine x2, Command Center  
  109  13:12  Marine x2, Command Center  
  114  13:13  Marine  
  117  13:20  Supply Depot  
  117  13:21  Supply Depot x2  
  117  13:22  Supply Depot  
  117  13:23  Supply Depot  
  117  13:26  Marine x3  
  117  13:27  Marine  
  115  13:30  Marine  
  97  13:34  Orbital Command, Marine x2  
  99  13:44  Marine x4  
  99  13:48  Marine  
  104  13:52  Marine x2, Refinery  
  104  13:53  Refinery  
Show
View Real Time Build Order
Export as new Build Order

Kelazhur Terran 

Build Orders:  

Get SALT Encoding   

  12  0:00  SCV  
  13  0:12  SCV  
  14  0:17  Supply Depot  
  14  0:24  SCV  
  15  0:38  SCV  
  15  0:40  Barracks  
  16  0:43  Refinery  
  16  0:50  SCV  
  16  0:52  Refinery  
  17  1:02  SCV  
  18  1:15  SCV  
  19  1:27  Orbital Command, Reaper  
  19  1:32  Supply Depot  
  20  1:40  Factory  
  20  1:52  SCV  
  21  1:59  Reaper  
  22  2:04  SCV  
  23  2:14  Command Center  
  23  2:16  SCV  
  24  2:24  Hellion  
  24  2:29  SCV  
  27  2:31  Reaper  
  27  2:34  Supply Depot  
  28  2:41  SCV  
  29  2:45  Hellion  
  29  2:50  Starport  
  31  2:56  SCV  
  32  3:03  Barracks Reactor  
  32  3:08  Factory Tech Lab  
  32  3:10  SCV  
  33  3:21  Refinery  
  33  3:23  SCV  
  33  3:27  Starport Tech Lab, Cyclone  
  34  3:30  Orbital Command  
  37  3:34  Hyperflight Rotors  
  37  3:36  SCV  
  37  3:39  Marine  
  37  3:40  Marine  
  40  3:45  Supply Depot  
  40  3:46  Banshee  
  43  3:49  SCV  
  44  3:57  SCV  
  44  4:00  Marine  
  44  4:01  Marine  
  47  4:04  SCV  
  48  4:11  SCV  
  48  4:12  Siege Tank  
  48  4:16  SCV  
  53  4:18  Marine x2  
  53  4:22  Supply Depot  
  53  4:23  SCV  
  56  4:29  Banshee  
  56  4:30  SCV  
  60  4:35  SCV  
  61  4:39  Marine  
  61  4:43  Supply Depot, Marine  
  61  4:44  SCV  
  64  4:47  Siege Tank  
  64  4:48  SCV  
  68  4:53  Supply Depot  
  68  5:01  SCV, Marine  
  68  5:04  Marine  
  71  5:12  SCV  
  71  5:13  SCV, Command Center  
  73  5:21  Siege Tank  
  76  5:26  SCV x2  
  78  5:38  SCV  
  78  5:40  Marine, Stimpack  
  78  5:41  SCV, Barracks x2  
  81  5:44  Starport Reactor  
  81  5:46  Refinery  
  81  5:48  Supply Depot  
  81  5:53  SCV  
  82  5:58  Siege Tank  
  82  6:00  SCV  
  86  6:05  Supply Depot  
  86  6:09  Marine  
  86  6:10  SCV  
  88  6:13  Supply Depot, Engineering Bay x2  
  88  6:14  SCV  
  89  6:22  SCV  
  90  6:27  Orbital Command  
  90  6:30  Siege Tank  
  90  6:32  Barracks  
  93  6:33  Barracks  
  93  6:34  SCV  
  94  6:41  SCV  
  94  6:43  Marine x2  
  97  6:47  Terran Infantry Weapons Level 1, Terran Infantry Armor Level 1, SCV  
  97  6:49  Starport Reactor  
  97  6:52  Orbital Command  
  97  6:53  SCV  
  100  6:56  Marine x2  
  100  6:57  Marine  
  100  6:59  SCV  
  100  7:05  SCV  
  101  7:08  Marine  
  101  7:09  Marine  
  101  7:12  SCV  
  101  7:14  Marine x2  
  106  7:17  SCV, Sensor Tower  
  106  7:18  Siege Tank  
  106  7:20  Supply Depot, Barracks Reactor x2  
  106  7:21  Armory  
  110  7:24  SCV x2  
  110  7:25  Marine  
  110  7:26  Marine  
  110  7:27  Marine  
  110  7:29  SCV  
  113  7:32  Refinery  
  113  7:33  Refinery  
  113  7:34  Supply Depot  
  113  7:35  Marine x2  
  113  7:36  SCV  
  116  7:40  SCV  
  117  7:51  Medivac x2  
  121  7:53  SCV  
  121  7:54  Marine  
  121  7:55  Marine x2  
  124  7:59  Marine x6  
  124  8:03  Siege Tank  
  133  8:12  Marine x3  
  132  8:16  Marine  
  132  8:17  Marine x3  
  132  8:18  Marine  
  131  8:23  Marine  
  129  8:30  Marine x2  
  129  8:34  Marine x2  
  119  8:49  Marine  
  119  8:51  Marine x2  
  119  8:52  Liberator  
  124  9:00  Siege Tank  
  125  9:13  SCV  
  125  9:15  Barracks Tech Lab  
  124  9:25  SCV  
  124  9:37  Supply Depot, SCV  
  124  9:52  Orbital Command  
  121  9:59  Marine  
  117  10:05  Orbital Command  
  117  10:13  Supply Depot  
  117  10:16  Supply Depot  
  117  10:34  Marine x3  
  117  10:35  SCV, Siege Tank  
  124  10:36  Terran Infantry Armor Level 2, Terran Infantry Weapons Level 2  
  124  10:43  Marine x2  
  126  10:55  Combat Shield  
  126  10:56  Marine  
  127  11:04  SCV x3  
  127  11:05  Supply Depot  
  127  11:07  Refinery x2  
  132  11:12  Starport Reactor  
  132  11:16  SCV  
  129  11:19  Marine  
  129  11:22  Marine  
  129  11:27  Siege Tank  
  129  11:28  Marine  
  129  11:32  Refinery x2, Barracks, Command Center  
  133  11:33  SCV x3  
  133  11:34  Marine, Barracks  
  133  11:36  Sensor Tower  
  128  11:40  Marine  
  110  11:50  Marine x3  
  110  11:52  Marine  
  107  11:58  SCV  
  107  11:59  SCV x2  
  107  12:00  Siege Tank  
  108  12:01  Medivac  
  108  12:02  Medivac  
  100  12:10  SCV  
  100  12:11  SCV  
  101  12:16  Marine  
  101  12:17  Marine x3, Command Center  
  101  12:18  Marine  
  103  12:27  Marine  
  103  12:29  SCV  
  101  12:33  Siege Tank  
  104  12:39  Liberator  
  104  12:40  Liberator, Marine x6  
  112  12:44  Marine  
  109  12:58  Marine x6  
  104  13:03  Marine  
  104  13:06  Siege Tank  
  107  13:16  Marine x6  
  111  13:21  Marine  
  95  13:33  Marine  
  95  13:34  Marine x5  
  57  13:38  Marine  
  59  13:51  Marine x6  
  71  13:56  Marine  
Tags
 
Add a new tag
Caveats
  • Supply blocks, unpowered buildings, or Contaminate may cause inaccurate times.
  • Supply counts are checked every 10 seconds.